Map: Refinery XJ-17

Players

A.I. 1 (Elite)

  • Race: Terran Terran
  • Spawn Location: 6:00

A.I. 2 (Elite)

  • Race: Terran Terran
  • Spawn Location: 0:00

VOD

Have the link to the VOD?

Description

Time

  • Played on: Aug. 19, 2017, 11:31 p.m.
  • Length: 7:38
Show
View Real Time Build Order
Export as new Build Order

A.I. 1 (Elite) Terran 

Build Orders:  

Get SALT Encoding   

  12  0:01  SCV  
  13  0:13  SCV  
  14  0:20  Supply Depot  
  14  0:25  SCV  
  15  0:29  Refinery  
  15  0:41  SCV  
  16  0:47  Barracks  
  16  0:53  SCV  
  17  1:05  SCV  
  17  1:09  Supply Depot  
  18  1:18  SCV  
  19  1:30  SCV  
  20  1:36  Marine  
  21  1:40  Factory  
  21  1:42  Barracks  
  21  1:45  SCV  
  22  1:54  Marine  
  22  1:57  SCV  
  24  2:01  Supply Depot  
  24  2:09  SCV  
  24  2:12  Marine  
  26  2:21  SCV  
  27  2:25  Factory Tech Lab  
  27  2:30  Marine  
  27  2:33  SCV  
  27  2:35  Marine  
  30  2:45  SCV  
  30  2:47  Siege Tank  
  34  3:03  Command Center  
  34  3:10  Orbital Command  
  34  3:15  Refinery  
  34  3:34  Marine, Factory  
  35  3:37  Marine  
  35  3:40  SCV  
  37  3:52  SCV  
  38  4:04  SCV  
  38  4:06  Supply Depot  
  39  4:15  SCV  
  39  4:16  SCV  
  41  4:18  Factory Tech Lab  
  41  4:26  Siege Tank  
  41  4:27  SCV  
  41  4:28  SCV  
  46  4:37  Siege Tank  
  49  4:39  SCV  
  49  4:40  SCV  
  49  4:41  Supply Depot  
  49  4:42  Marine  
  52  4:51  SCV  
  52  4:52  SCV, Supply Depot  
  54  5:00  Siege Tank  
  54  5:03  SCV  
  54  5:04  SCV  
  54  5:05  Barracks Tech Lab  
  59  5:08  Marine  
  59  5:13  Refinery  
  60  5:15  SCV  
  60  5:16  Refinery  
  60  5:17  SCV  
  62  5:23  Marauder  
  62  5:24  Stimpack  
  62  5:26  Marine  
  62  5:27  SCV  
  66  5:29  SCV  
  66  5:33  Supply Depot  
  67  5:39  SCV  
  67  5:41  SCV  
  69  5:43  Barracks  
  69  5:44  Marine, Marauder  
  69  5:47  Starport  
  72  5:51  Command Center  
  72  5:52  SCV  
  73  6:03  Barracks Tech Lab  
  73  6:08  Marauder  
  73  6:11  Supply Depot  
  75  6:13  SCV  
  75  6:15  SCV  
  77  6:21  Marine, Engineering Bay  
  77  6:23  Medivac  
  80  6:25  SCV  
  80  6:28  SCV  
  80  6:29  Barracks Reactor, Marauder  
  84  6:37  Supply Depot  
  84  6:38  SCV  
  87  6:40  Marauder  
  87  6:49  Engineering Bay  
  87  6:51  Marauder  
  89  6:55  Medivac  
  89  7:00  Supply Depot  
  93  7:01  Marauder  
  93  7:03  SCV  
  93  7:04  SCV  
  93  7:05  SCV  
  93  7:06  Marine  
  97  7:08  Marine  
  97  7:12  Marauder  
  101  7:15  SCV  
  101  7:16  SCV  
  101  7:18  SCV  
  109  7:36  Supply Depot  
Show
View Real Time Build Order
Export as new Build Order

A.I. 2 (Elite) Terran 

Build Orders: Mech 

Get SALT Encoding   

  12  0:00  SCV  
  13  0:13  SCV  
  14  0:19  Supply Depot  
  14  0:25  SCV  
  15  0:41  SCV  
  16  0:43  Barracks  
  16  0:53  SCV  
  17  1:05  SCV  
  18  1:17  SCV  
  19  1:18  Supply Depot  
  19  1:22  Refinery  
  19  1:29  SCV  
  19  1:30  Marine  
  21  1:41  SCV  
  22  1:47  Marine  
  22  1:49  Refinery  
  22  1:54  SCV  
  24  2:05  Marine  
  24  2:06  SCV  
  26  2:18  SCV  
  26  2:21  Factory  
  27  2:23  Marine  
  28  2:30  SCV  
  29  2:40  Factory  
  29  2:41  Marine  
  29  2:42  SCV  
  29  2:43  Supply Depot  
  31  2:55  Orbital Command  
  31  3:05  Marine  
  32  3:07  Factory Tech Lab  
  32  3:20  SCV  
  32  3:22  Marine  
  32  3:25  Factory Tech Lab, Command Center  
  34  3:32  SCV  
  35  3:44  SCV  
  36  3:56  SCV  
  37  4:05  Barracks  
  37  4:08  SCV  
  38  4:12  Supply Depot  
  38  4:20  SCV  
  39  4:33  Siege Tank  
  39  4:34  Siege Tank, SCV  
  39  4:36  Supply Depot  
  39  4:37  Marine, SCV  
  48  4:46  SCV  
  48  4:49  SCV, Supply Depot  
  50  4:58  SCV  
  51  5:01  SCV  
  51  5:06  Siege Tank x2  
  58  5:10  SCV  
  58  5:13  SCV  
  60  5:14  Barracks Tech Lab  
  60  5:18  Factory, Command Center  
  60  5:37  Infernal Pre-Igniter  
  60  5:38  Siege Tank, Hellion  
  65  5:56  Armory  
  65  6:00  Hellion  
  65  6:02  Hellion  
  69  6:04  Supply Depot  
  69  6:10  Hellion  
  71  6:23  Hellion  
  73  6:28  Hellion  
  73  6:31  SCV x2  
  73  6:32  SCV  
  78  6:34  Refinery  
  78  6:39  Refinery  
  78  6:52  Armory  
  78  6:55  Command Center  
  78  6:56  SCV x2  
  78  6:57  SCV  
  81  7:08  SCV  
  85  7:26  Engineering Bay  
  91  7:34  Supply Depot  
Tags
 
Composition
Mech
Matchup
TvT
Race
Terran
Add a new tag
Caveats
  • Supply blocks, unpowered buildings, or Contaminate may cause inaccurate times.
  • Supply counts are checked every 10 seconds.